 Dungeon Crawl Stone Soup version 0.26-a0-682-g294304f6e8 (webtiles) character file.

Game seed: 16120075486889739287

6356 somkeydreadnuts the Geomancer (level 10, -28/64 HPs)
             Began as a Gargoyle Earth Elementalist on Oct 21, 2020.
             Was a Follower of Vehumet.
             Annihilated by a two-headed ogre
             ... wielding a +0 giant spiked club
              (41 damage)
             ... on level 10 of the Dungeon.
             The game lasted 01:33:17 (11268 turns).

somkeydreadnuts the Geomancer (GrEE)               Turns: 11268, Time: 01:33:17

Health: -28/64     AC: 14    Str: 12    XL:     10   Next: 96%
Magic:  0/14       EV: 12    Int: 31    God:    Vehumet [*.....]
Gold:   464        SH: 11    Dex: 10    Spells: 1/15 levels left

rFire    + + .     SeeInvis .   R - staff of fire
rCold    + . .     Faith    .   K - +2 buckler
rNeg     + . .     Spirit   .   H - +1 robe {MR+}
rPois    ∞         Reflect  +   y - +2 helmet
rElec    +         Harm     .   w - scarf {rC+ rF+}
rCorr    .         Rampage  .   (no gloves)
MR       +....                  (no boots)
Stlth    ++........             L - amulet of reflection
HPRegen  0.20/turn              j - +6 ring of intelligence
MPRegen  0.14/turn              e - +6 ring of intelligence

@: no status effects
A: negative energy resistance 1, electricity resistance, unbreathing,
petrification resistance, rot immunity, AC +7
a: Renounce Religion


You were on level 10 of the Dungeon.
You worshipped Vehumet.
Vehumet was aware of your devotion.
You visited 2 branches of the dungeon, and saw 11 of its levels.

You collected 1327 gold pieces.
You spent 770 gold pieces at shops.
You paid 93 gold pieces to Gozag.

Inventory:

Hand Weapons
 d - a +3 dagger
 F - a +2 scimitar of freezing
 G - a +3 spear of freezing
 I - a +3 dire flail of freezing
Missiles
 b - 150 stones (quivered)
Armour
 a - a +0 leather armour
 c - a +0 robe
 w - a scarf of resistance (worn)
 y - a +2 helmet (worn)
 z - a +2 cloak
 H - a +1 robe of magic resistance (worn)
 K - a +2 buckler (worn)
 N - a +2 helmet
Magical Staves
 R - an uncursed staff of fire (weapon)
Jewellery
 e - a +6 ring of intelligence (right hand)
 j - a +6 ring of intelligence (left hand)
 E - an uncursed ring of wizardry
 L - an amulet of reflection (around neck)
Wands
 q - a wand of flame (41)
 M - a wand of polymorph (9)
Scrolls
 h - 2 scrolls of teleportation
 i - 4 scrolls of amnesia
 k - 2 scrolls of fear
 p - 5 scrolls of identify
 t - a scroll of magic mapping
 u - 2 scrolls of immolation
 x - 3 scrolls of remove curse
 B - a scroll of noise {unknown}
 C - a scroll of holy word {unknown}
 D - a scroll of blinking
 O - a scroll of fog {unknown}
 P - a scroll of enchant armour
 Q - a scroll of torment {unknown}
Potions
 f - 3 potions of invisibility
 g - a potion of curing
 l - 2 potions of flight
 m - 3 potions of heal wounds
 n - a potion of cancellation
 o - 2 potions of brilliance
 r - 2 potions of resistance
 s - 2 potions of stabbing {unknown}
 v - 2 potions of ambrosia {unknown}
 A - a potion of haste {unknown}
 J - a potion of lignification {unknown}


   Skills:
 - Level 7.6 Fighting
 - Level 0.1 Short Blades
 - Level 7.7 Armour
 - Level 1.5 Dodging
 - Level 2.3 Stealth
 * Level 4.0 Shields
 - Level 3.2 Spellcasting
 - Level 1.0 Conjurations
 - Level 0.7 Transmutations
 * Level 8.7 Fire Magic
 - Level 9.9 Earth Magic
 - Level 0.3 Evocations


You had one spell level left.
You knew the following spells:

 Your Spells              Type           Power        Failure   Level
a - Sandblast             Erth           ######       1%          1
b - Passwall              Tmut/Erth      #####...     1%          2
c - Stone Arrow           Conj/Erth      #####.       1%          3
d - Lee's Rapid Deconstr  Erth           ######....   3%          5
e - Conjure Flame         Conj/Fire      ######..     2%          3

Your spell library contained the following spells:

 Spells                   Type           Power        Failure   Level
 Shock                    Conj/Air       #...         5%          1
 Foxfire                  Conj/Fire      ####         1%          1
 Beastly Appendage        Tmut           #.....       4%          1
 Inner Flame              Hex/Fire       #####...     3%          3
 Wereblood                Tmut           #.......     8%          2
 Petrify                  Tmut/Erth      #####...     8%          4
 Sticky Flame             Conj/Fire      ######..     9%          4
 Spider Form              Tmut/Pois      #.........   17%         3
 Fireball                 Conj/Fire      ######....   24%         5
 Ice Form                 Ice/Tmut       #.......     50%         4
 Blade Hands              Tmut           #.........   80%         5


Dungeon Overview and Level Annotations

Branches:
Dungeon (10/15)            Temple (1/1) D:5
   Lair: D:8-11         Orc: D:9-12

Altars:
Ashenzari
Cheibriados
Dithmenos
Elyvilon
Fedhas
Gozag
Hepliaklqana
Kikubaaqudgha
Makhleb
Nemelex Xobeh
Okawaru
Qazlal
Ru
Sif Muna
Trog
Uskayaw
Vehumet
Wu Jian
Xom
Yredelemnul
Zin
The Shining One

Shops:
D:6 *   D:7 (   D:9 !??((

Annotations:
D:9 Erolcha


Innate Abilities, Weirdness & Mutations

You are resistant to torment.
Your stone body is resilient. (AC +7)
You are immune to poison.
You resist negative energy. (rN+)
You are resistant to electric shocks. (rElec)
You can survive without breathing.
You are immune to petrification.
You are immune to rotting.


Message History

Press: ? - help, Dir - move target cursor, p - two-headed ogre
As you read the scroll of blinking, it crumbles to dust.
You feel better.
Casting: Sandblast (safe; 1% risk of failure)
Confirm with . or Enter, or press ? or * to list all spells.
You don't have enough magic to cast that spell.
The two-headed ogre rages.
Casting: Sandblast (safe; 1% risk of failure)
Confirm with . or Enter, or press ? or * to list all spells.
Aiming: Stone Arrow (safe; 1% risk of failure)
Press: ? - help, Shift-Dir - straight line, f - two-headed ogre
Aim: a two-headed ogre, wielding a +0 giant spiked club and a +0 giant club (severely wounded, berserk, incited by Gozag)
The stone arrow hits the two-headed ogre!
The two-headed ogre is severely wounded.
Casting: Stone Arrow (safe; 1% risk of failure)
Confirm with . or Enter, or press ? or * to list all spells.
You don't have enough magic to cast that spell.
The two-headed ogre hits you with a +0 giant spiked club!!!
Ouch! That really hurt!
You die...

#..#.....## ###
#.......##
...####......##
............##
.......#....#
#...........## ###
#........#...####.#
##.....O#####....##
##..#.@# ###.## #.. ##.##
#.# ... #..# ### .. ##†#
. #.## #..# ##..### ## .#
#......# ##.....##.
.####......####..###....#


You could see a two-headed ogre (berserk, incited).

Vanquished Creatures
  A two-headed ogre (D:8)
  Pikel (D:4)
  Psyche (D:9)
  Prince Ribbit (D:8)
  3 wyverns
  A water moccasin (D:6)
  A black bear (D:7)
  3 orc warriors
  3 ice beasts
  5 ogres
  An eye of draining (D:9)
  2 phantoms
  5 centaurs
  3 lemures
  2 big kobolds
  4 bullfrogs
  Blork the orc (D:6)
  2 scorpions (D:6)
  9 killer bees (D:9)
  11 wights
  An electric eel (D:6)
  4 bullfrog zombies
  3 jellies
  A gnoll shaman (D:8)
  4 hounds
  2 centaur zombies
  3 orc priests
  4 orc wizards
  Ijyb (D:3)
  3 iguanas
  2 worker ants
  A hound skeleton (D:4)
  Robin (D:4)
  A worker ant zombie (D:7)
  5 gnolls (D:8)
  A howler monkey skeleton (D:4)
  8 adders
  2 white imps (D:8)
  4 ufetubi
  2 oozes
  An adder skeleton (D:6)
  2 worms (D:2)
  A dart slug (D:1)
  8 leopard geckos
  32 orcs
  6 giant cockroaches
  15 goblins
  6 hobgoblins
  12 jackals
  2 quokkas
  2 ball pythons
  7 bats
  11 kobolds
  A leopard gecko zombie (D:8)
  3 quokka zombies
  8 rats
230 creatures vanquished.

Vanquished Creatures (others)
  An orc (D:8)
  2 withered plants (D:6)
3 creatures vanquished.

Grand Total: 233 creatures vanquished

Notes
Turn   | Place    | Note
-------+----------+-------------------------------------------
     0 | D:1      | somkeydreadnuts the Gargoyle Earth Elementalist began the
                  | quest for the Orb.
     0 | D:1      | Reached XP level 1. HP: 10/10 MP: 3/3
   260 | D:1      | Reached XP level 2. HP: 15/15 MP: 3/5
   282 | D:1      | Reached skill level 4 in Earth Magic
   732 | D:1      | Reached XP level 3. HP: 19/19 MP: 6/6
  1906 | D:3      | Reached XP level 4. HP: 24/24 MP: 6/8
  1931 | D:3      | Learned a level 2 spell: Passwall
  1935 | D:3      | Learned a level 3 spell: Stone Arrow
  2051 | D:3      | Noticed Ijyb
  2059 | D:3      | Killed Ijyb
  2059 | D:3      | Reached skill level 5 in Earth Magic
  2734 | D:4      | Noticed Pikel
  2734 | D:4      | Noticed a lemure
  2734 | D:4      | Noticed a lemure
  2734 | D:4      | Noticed a lemure
  2734 | D:4      | Noticed a lemure
  2809 | D:4      | Reached XP level 5. HP: 28/28 MP: 7/9
  2823 | D:4      | Found a shimmering altar of Xom.
  2866 | D:4      | Reached skill level 6 in Earth Magic
  2882 | D:3      | Killed a lemure
  2944 | D:3      | Killed a lemure
  3113 | D:4      | Killed a lemure
  3134 | D:4      | Killed Pikel
  3134 | D:4      | Reached skill level 9 in Earth Magic
  3134 | D:4      | Reached XP level 6. HP: 32/32 MP: 5/10
  3134 | D:4      | Reached XP level 7. HP: 36/36 MP: 5/11
  3471 | D:4      | Learned a level 5 spell: Lee's Rapid Deconstruction
  3524 | D:4      | Noticed Robin
  3534 | D:4      | Killed Robin
  4076 | D:5      | Entered Level 5 of the Dungeon
  4083 | D:5      | Found a snail-covered altar of Cheibriados.
  4139 | D:5      | Found a blossoming altar of Fedhas.
  4235 | D:5      | Found a blossoming altar of Fedhas.
  4322 | D:5      | Found a broken altar of Ashenzari.
  4500 | D:5      | Reached skill level 1 in Fighting
  4500 | D:5      | Reached skill level 1 in Armour
  4510 | D:5      | Reached XP level 8. HP: 43/43 MP: 10/12
  4733 | D:5      | Found a staircase to the Ecumenical Temple.
  4750 | Temple   | Entered the Ecumenical Temple
  4879 | Temple   | Became a worshipper of Gozag Ym Sagoz the Greedy
  5317 | D:6      | Found Baefeim's General Store.
  5633 | D:6      | Found an ancient bone altar of Kikubaaqudgha.
  5637 | D:6      | Reached skill level 1 in Conjurations
  5756 | D:6      | Noticed Blork the orc
  5758 | D:6      | Killed Blork the orc
  5758 | D:6      | Reached skill level 5 in Fighting
  6323 | D:7      | Reached skill level 5 in Armour
  6336 | D:7      | Reached XP level 9. HP: 52/54 MP: 0/13
  6984 | D:7      | Found Ilanguq's Weapon Boutique.
  7575 | D:7      | Found a shadowy altar of Dithmenos.
  7743 | D:6      | Bought a book of Flames for 420 gold pieces
  7747 | D:6      | Learned a level 3 spell: Conjure Flame
  7874 | D:8      | Found an iron altar of Okawaru.
  7895 | D:8      | Noticed a two-headed ogre
  8046 | D:8      | Reached skill level 1 in Fire Magic
  8474 | D:8      | Found a sparkling altar of Nemelex Xobeh.
  8535 | D:8      | Reached XP level 10. HP: 64/64 MP: 10/14
  8670 | D:8      | Noticed Prince Ribbit
  8676 | D:8      | Killed Prince Ribbit
  8692 | D:8      | Killed a two-headed ogre
  8948 | D:8      | Found a glowing golden altar of the Shining One.
  9374 | D:9      | Found Quiceuvy's Weapon Boutique.
  9386 | D:9      | Noticed Erolcha
  9643 | D:9      | Found Jouji's Magic Scroll Shoppe.
  9675 | D:9      | Bought a scroll of remove curse for 36 gold pieces
  9760 | D:9      | Found Dofawate's Distillery.
  9778 | D:9      | Found Xecai's Magic Scroll Shoppe.
  9789 | D:9      | Reached skill level 1 in Shields
  9794 | D:9      | Bought a scroll of blinking for 112 gold pieces
  9794 | D:9      | Bought a scroll of remove curse for 45 gold pieces
  9806 | D:9      | Bought a scroll of blinking for 112 gold pieces
  9806 | D:9      | Bought a scroll of teleportation for 45 gold pieces
  9855 | D:9      | Found Ciuluf's Antique Weapon Shop.
 10005 | D:9      | Found a radiant altar of Vehumet.
 10006 | D:9      | Noticed Psyche
 10010 | D:9      | Killed Psyche
 10387 | D:9      | Fell from the grace of Gozag
 10387 | D:9      | Became a worshipper of Vehumet
 10415 | D:10     | Entered Level 10 of the Dungeon
 11214 | D:10     | Reached * piety under Vehumet
 11214 | D:10     | Offered knowledge of Shock by Vehumet.
 11235 | D:10     | Noticed a two-headed ogre
 11268 | D:10     | Annihilated by a two-headed ogre

Illustrated notes

Levels and vault maps discovered:
D:1:      sevenhm_arrival_forest_fort_large_2, layout_basic
D:2:      layout_loops_ring, chequers_serial_rivers_micro_b
D:3:      layout_loops_ring, lemuel_statue_altar, uniq_ijyb
D:4:      layout_rooms, overflow_temple_1_default, minmay_crystal_room,
          nrook_mini_backslash, uniq_pikel, uniq_robin
D:5:      layout_basic, fedhas_ov_isle_minmay, cheibriados_altar_1,
          minmay_temple_entry_proselytizer, basic_altar, evilmike_ruin_ashenzari
D:6:      layout_basic, kiku_gazebo_garden_becter, serial_shops,
          nicolae_shop_behind_doors, water_maze_lemuel, uniq_blork_the_orc
D:7:      layout_basic, grunt_dithmenos_shadows, serial_shops, kennysheep_mini
D:8:      layout_cave_pods, old_standard_altar, old_standard_altar,
          nemelex_xobeh_ov_fountains_minmay, uniq_prince_ribbit1
D:9:      layout_layer_cave, vehumet_altar_wand_db, serial_shops, shop, shop,
          shop, shop, nicolae_shop_stone, kennysheep_nub, uniq_erolcha,
          uniq_psyche
D:10:     layout_layer_cave, lair_entry_dummy, hex_tiny, uniq_fannar
Temple:   nicolae_temple_god_jail

Skill      XL: |  1  2  3  4  5  6  7  8  9 10 |
---------------+-------------------------------+-----
Earth Magic    | 4 5 9 |  9.9
Spellcasting   | 3 |  3.2
Fighting       | 1 5 7 |  7.6
Armour         | 1 5 7 |  7.7
Conjurations   | 1 |  1.0
Fire Magic     | 3 8 |  8.7
Shields        | 4 |  4.0
Short Blades   | |  0.1
Dodging        | |  1.5
Stealth        | |  2.3
Transmutations | |  0.7
Evocations     | |  0.3

Action                   |  1- 3 |  4- 6 |  7- 9 | 10-12 || total
-------------------------+-------+-------+-------+-------++-------
Melee: Unarmed           |     2 |       |       |       ||     2
       Dagger            |    70 |    20 |       |       ||    90
       Staff             |       |       |    14 |     4 ||    18
       Spear             |       |       |       |     1 ||     1
 Cast: Sandblast         |    25 |    49 |   126 |    87 ||   287
       Lee's Rapid Decon |       |       |    14 |     8 ||    22
       Stone Arrow       |       |       |    12 |    14 ||    26
       Conjure Flame     |       |       |       |     3 ||     3
Evoke: Wand              |       |     1 |    16 |     2 ||    19
  Use: Scroll            |     2 |       |     8 |     5 ||    15
       Potion            |       |       |       |     2 ||     2
 Stab: Sleeping          |     2 |       |       |       ||     2
Armor: Robe              |    33 |    17 |    19 |    14 ||    83
Dodge: Dodged            |    60 |    24 |    29 |    18 ||   131
Block: Other             |       |       |     2 |     4 ||     6
       Reflection        |       |       |     1 |       ||     1
       Buckler           |       |       |       |    18 ||    18

Table legend: (Time is in decaauts)
 A = Elapsed time spent in this place.
 B = Non-inter-level travel time spent in this place.
 C = Inter-level travel time spent in this place.
 D = Time resting spent in this place.
 E = Time spent auto-exploring this place.
 F = Levels seen in this place.
 G = Mean time per level.
                   A        B        C        D        E       F      G
               +--------+--------+--------+--------+--------+-----+--------+
         Total |  11266 |  11193 |     73 |      0 |   6519 |  11 | 1024.2 |
       Dungeon |  11111 |  11038 |     73 |      0 |   6441 |  10 | 1111.1 |
        Temple |    154 |    154 |      0 |      0 |     78 |   1 |  154.0 |
               +--------+--------+--------+--------+--------+-----+--------+

Top non-repeatable levels by time:
     D:8: 1535 daAuts
     D:6: 1485 daAuts
     D:7: 1426 daAuts
     D:1: 1172 daAuts
     D:4: 1095 daAuts
     D:3: 1079 daAuts
     D:9: 1037 daAuts
    D:10: 852 daAuts
     D:2: 726 daAuts
     D:5: 699 daAuts
  Temple: 154 daAuts
